 Dungeon Crawl Stone Soup version 0.30.0-19-g36f170ea60 (webtiles) character file.

Game seed: 209777840076086346

9210 bmack86 the Cleaver (level 11, -7/156 HPs)
             Began as a Minotaur Fighter on May 28, 2023.
             Was an Initiate of Gozag.
             Mangled by an 18-headed hydra (12 damage)
             ... on level 10 of the Dungeon.
             The game lasted 00:20:46 (7722 turns).

bmack86 the Cleaver (Minotaur Fighter)              Turns: 7722, Time: 00:20:46

Health: -7/156     AC: 25    Str: 29    XL:     11   Next: 20%
Magic:  10/10      EV:  2    Int:  5    God:    Gozag
Gold:   1348       SH:  5    Dex:  9    Spells: 10/10 levels left

rFire   + . .        a - +1 war axe
rCold   . . .        c - +0 buckler
rNeg    . . .        x - melded +8 chain mail "Jawurowk" {Dex+2}
rPois   +            (helmet currently unavailable)
rElec   .            p - melded +0 cloak
rCorr   +            g - melded +0 pair of gloves
SInv    .            (boots currently unavailable)
Will    +++..        w - amulet of Cowardice {Faith Drain rF+ Will+++ Str+3}
Stlth   +            m - +5 ring of evasion
HPRegen 0.46/turn    y - ring of resist corrosion
MPRegen 0.12/turn

%: faith
@: tree-form, gold aura
A: stationary, stasis, torment immunity, boosted hp, (horns 2), (retaliatory
headbutt)
a: Renounce Religion, Potion Petition, Call Merchant, Bribe Branch


You were on level 10 of the Dungeon.
You worshipped Gozag.
Gozag was most pleased with you.
You were a tree.
You visited 2 branches of the dungeon, and saw 11 of its levels.
You also visited: Sewer.

You collected 1421 gold pieces.
You paid 73 gold pieces to Gozag.

Inventory:

Hand Weapons
 a - a +1 war axe (weapon)
Missiles
 k - a curare-tipped dart
 v - 17 boomerangs (quivered)
Armour
 c - a +0 buckler (worn)
 g - a +0 pair of gloves (melded)
 p - a +0 cloak (melded)
 x - the +8 chain mail "Jawurowk" (melded) {Dex+2}
   (You found it on level 4 of the Dungeon)

   Dex:       It affects your dexterity (+2).
Jewellery
 m - a +5 ring of evasion (left branch)
 n - a ring of magical power
 w - the amulet of Cowardice (around neck) {Faith Drain rF+ Will+++ Str+3}
   (You found it on level 9 of the Dungeon)

   [amulet of faith]

   It allows you to gain divine favour quickly.
   Str:       It affects your strength (+3).
   rF:        It protects you from fire.
   Drain:     It drains your maximum health when unequipped.
   Will:      It greatly increases your willpower.
 y - a ring of resist corrosion (right branch)
Wands
 s - a wand of roots (7)
 u - a wand of digging (2)
Scrolls
 r - a scroll of teleportation
 t - 4 scrolls of fear
Potions
 b - a potion of cancellation {unknown}
 d - 4 potions of might
 e - 6 potions of attraction
 f - 2 potions of degeneration {unknown}
 h - 5 potions of invisibility
 i - a potion of mutation {unknown}
 j - 3 potions of lignification
 l - 7 potions of haste
 o - 7 potions of heal wounds
 q - 8 potions of curing
 z - 4 potions of flight {unknown}


   Skills:
 - Level 12.0 Fighting
 - Level 14.1 Axes
 + Level 4.9 Throwing
 + Level 7.1 Armour
 + Level 7.1 Shields


You had 10 spell levels left.
You didn't know any spells.
Your spell library contained the following spells:

 Spells                   Type           Power      Damage    Failure   Level
 Blink                    Tloc           0%         N/A       65%         2
 Ensorcelled Hibernation  Hex/Ice        0%         N/A       65%         2
 Lesser Beckoning         Tloc           0%         N/A       65%         2
 Momentum Strike          Conj/Tloc      0%         3d8       65%         2
 Scorch                   Fire           0%         2d5       65%         2
 Sublimation of Blood     Necr           0%         N/A       65%         2
 Gell's Gravitas          Tloc           0%         N/A       87%         3
 Spider Form              Tmut/Pois      0%         N/A       87%         3
 Teleport Other           Tloc           0%         N/A       87%         3
 Anguish                  Hex/Necr       0%         N/A       99%         4
 Flame Wave               Conj/Fire      0%         2d4       99%         4
 Manifold Assault         Tloc           0%         N/A       99%         4
 Petrify                  Tmut/Erth      0%         N/A       99%         4
 Irradiate                Conj/Tmut      0%         3d11      100%        5
 Dispersal                Tloc           0%         N/A       100%        6
 Summon Cactus Giant      Summ           0%         N/A       100%        6
 Disjunction              Tloc           0%         N/A       100%        8


Dungeon Overview and Level Annotations

Branches:
Dungeon (10/15)            Temple (1/1) D:6            Lair (0/5) D:9
  Sewer (visited)
    Orc: D:9-12

Altars:
Ashenzari
Cheibriados
Dithmenos
Elyvilon
Fedhas
Gozag
Hepliaklqana
Kikubaaqudgha
Makhleb
Nemelex Xobeh
Qazlal
Ru
Sif Muna
Trog
Uskayaw
Vehumet
Wu Jian
Xom
Yredelemnul
The Shining One

Shops:
D:7 (*


Innate Abilities, Weirdness & Mutations

You are a tree.
Your roots penetrate the ground, keeping you stationary.
You cannot be teleported.
You are immune to unholy pain and torment.
Your maximum health is greatly increased.
Your equipment is partially melded.
((You have a pair of horns on your head.))
((You reflexively headbutt those who attack you in melee.))


Message History

You block the 15-headed hydra's attack. x2
The 15-headed hydra bites you but does no damage. x3
The 15-headed hydra bites you!
* * * LOW HITPOINT WARNING * * *
The 15-headed hydra bites you but does no damage.
You chop one of the 15-headed hydra's heads off!
The 14-headed hydra grows two more!
You slash the 16-headed hydra!
The 16-headed hydra is lightly wounded.
You barely miss the yak. You block the yak's attack.
You lop one of the 16-headed hydra's heads off!
The 15-headed hydra grows two more!
You hit the 17-headed hydra.
The 17-headed hydra is lightly wounded.
You barely miss the yak.
The 17-headed hydra bites you but does no damage. x2
The 17-headed hydra bites you.
* * * LOW HITPOINT WARNING * * *
The 17-headed hydra bites you but does no damage. x2
The 17-headed hydra bites you.
* * * LOW HITPOINT WARNING * * *
The 17-headed hydra bites you but does no damage.
The 17-headed hydra bites you.
* * * LOW HITPOINT WARNING * * *
You block the 17-headed hydra's attack. x2
The 17-headed hydra bites you but does no damage.
The 17-headed hydra bites you!
* * * LOW HITPOINT WARNING * * *
The 17-headed hydra bites you but does no damage. x3
The 17-headed hydra barely misses you. You block the 17-headed hydra's attack.
The yak barely misses you.
You hack one of the 17-headed hydra's heads off!
The 16-headed hydra grows two more!
You slice the 18-headed hydra!!
The 18-headed hydra is moderately wounded.
You slash the yak!
You kill the yak!
The 18-headed hydra bites you but does no damage. x3
You block the 18-headed hydra's attack. The 18-headed hydra bites you.
* * * LOW HITPOINT WARNING * * *
You block the 18-headed hydra's attack. The 18-headed hydra bites you!
You die...
Your body crumbles into a pile of gold.

## .#### ....##
###.^#########.
##...........
####..######
#..####### ###
#..##....####..)..
#..##.##.D♣$...#
##.##....#####.#
#.#...#.....
#>).#.####..
#####.# .. ##. ..
..


You could see a 18-headed hydra.

Vanquished Creatures
  Erolcha (D:9)
  A boulder beetle (D:9)
  A two-headed ogre (D:8)
  Pikel (D:6)
  A komodo dragon (D:9)
  Prince Ribbit (D:9)
  Sigmund (D:6)
  9 yaks
  5 wyverns
  2 acid dragons
  A water moccasin (D:5)
  Pargi (Sewer)
  A swamp drake (D:9)
  2 orc warriors
  4 sky beasts
  An ice beast (D:8)
  3 black bears
  4 centaurs
  3 ogres
  A lemure (D:6)
  3 phantoms
  3 kobold brigands
  3 bullfrogs
  4 scorpions
  14 killer bees
  2 electric eels (D:8)
  2 howler monkeys (D:7)
  A jelly (D:7)
  5 orc priests
  A hound (D:6)
  A gnoll bouda (D:8)
  A sleepcap (D:4)
  3 iguanas
  4 orc wizards
  14 adders
  11 gnolls
  2 river rats (D:5)
  A shadow imp (D:6)
  A white imp (D:8)
  5 worms
  A dart slug (D:3)
  30 orcs
  5 ball pythons
  A bat zombie (D:5)
  An endoplasm (D:2)
  4 giant cockroaches
  5 goblins
  4 hobgoblins
  3 jackals (D:1)
  6 quokkas
  4 bats
  3 frilled lizards
  27 kobolds
  10 rats
  4 rat zombies (D:5)
233 creatures vanquished.

Vanquished Creatures (others)
  A kobold (D:9)
1 creature vanquished.

Grand Total: 234 creatures vanquished

Notes
Turn   | Place    | Note
-------+----------+-------------------------------------------
     0 | D:1      | bmack86 the Minotaur Fighter began the quest for the Orb.
     0 | D:1      | Reached XP level 1. HP: 19/19 MP: 0/0
    87 | D:1      | Reached skill level 3 in Axes
   111 | D:1      | Reached XP level 2. HP: 24/26 MP: 1/1
   507 | D:2      | Reached skill level 4 in Axes
   603 | D:2      | Reached XP level 3. HP: 31/31 MP: 2/2
   927 | D:2      | Reached skill level 5 in Axes
  1215 | D:3      | Reached XP level 4. HP: 36/39 MP: 3/3
  1271 | D:3      | Found a sacrificial altar of Ru.
  2024 | D:4      | Noticed a phantom
  2034 | D:4      | Killed a phantom
  2035 | D:4      | Reached skill level 6 in Axes
  2035 | D:4      | Reached XP level 5. HP: 34/45 MP: 4/4
  2166 | D:4      | Reached skill level 7 in Axes
  2226 | D:4      | Noticed an ogre
  2231 | D:4      | Killed an ogre
  2232 | D:4      | Reached XP level 6. HP: 51/51 MP: 5/5
  2242 | D:4      | Reached skill level 8 in Axes
  2410 | D:4      | Identified the +8 chain mail "Jawurowk" {Dex+2}
  2711 | D:4      | Reached skill level 9 in Axes
  2769 | D:5      | Entered Level 5 of the Dungeon
  2816 | D:5      | Reached XP level 7. HP: 39/57 MP: 6/6
  2879 | D:5      | Found a glowing drain.
  2887 | Sewer    | Entered a sewer
  2914 | Sewer    | Noticed Pargi
  2922 | Sewer    | Killed Pargi
  2923 | Sewer    | Reached skill level 10 in Axes
  3246 | D:5      | Reached skill level 11 in Axes
  3343 | D:5      | Reached XP level 8. HP: 64/64 MP: 7/7
  3532 | D:5      | Found an ancient bone altar of Kikubaaqudgha.
  3952 | D:6      | Noticed Pikel
  3959 | D:6      | Reached skill level 12 in Axes
  3965 | D:6      | Killed Pikel
  3966 | D:6      | Reached skill level 13 in Axes
  3967 | D:6      | Found a staircase to the Ecumenical Temple.
  3973 | Temple   | Entered the Ecumenical Temple
  4046 | Temple   | Became a worshipper of Gozag Ym Sagoz the Greedy
  4127 | D:6      | Noticed Sigmund
  4133 | D:6      | Killed Sigmund
  4185 | D:6      | Reached skill level 14 in Axes
  4185 | D:6      | Reached XP level 9. HP: 61/70 MP: 8/8
  4357 | D:6      | Reached skill level 5 in Fighting
  5092 | D:7      | Found Ceacidor's Weapon Emporium.
  5121 | D:7      | Found Ticag's Elemental Accessories.
  5146 | D:7      | Found a sparkling altar of Nemelex Xobeh.
  5153 | D:7      | Found a basalt altar of Yredelemnul.
  5160 | D:7      | Found a shimmering blue altar of Sif Muna.
  5449 | D:7      | Found a glowing golden altar of the Shining One.
  5700 | D:8      | Reached skill level 10 in Fighting
  5708 | D:8      | Reached XP level 10. HP: 86/94 MP: 9/9
  5817 | D:8      | Noticed a two-headed ogre
  5826 | D:8      | Killed a two-headed ogre
  6161 | D:8      | Reached skill level 1 in Throwing
  6630 | D:9      | Noticed a boulder beetle
  6649 | D:9      | Killed a boulder beetle
  6651 | D:9      | Noticed Prince Ribbit
  6657 | D:9      | Reached skill level 5 in Armour
  6657 | D:9      | Reached skill level 5 in Shields
  6663 | D:9      | Killed Prince Ribbit
  6795 | D:9      | Identified the amulet of Cowardice {Faith Drain rF+ Will+++
                  | Str+3}
  6977 | D:9      | Noticed Erolcha
  6985 | D:9      | Killed Erolcha
  7056 | D:9      | Found a broken altar of Ashenzari.
  7259 | D:9      | Reached XP level 11. HP: 80/104 MP: 10/10
  7306 | D:9      | Found a staircase to the Lair.
  7526 | D:10     | Entered Level 10 of the Dungeon
  7703 | D:10     | Noticed a five-headed hydra
  7722 | D:10     | HP: 5/156 [18-headed hydra (3)]
  7722 | D:10     | Mangled by an 18-headed hydra

Illustrated notes

Levels and vault maps discovered:
D:1:      sevenhm_arrival_forest_fort_small_6, layout_rooms, serial_aquarium,
          aquarium_bridge_square [aquarium_subvault_bridge,
          aquarium_subvault_bridge, aquarium_subvault_balcony,
          aquarium_subvault_bridge], aquarium_window_1, aquarium_window_1,
          aquarium_window_1, aquarium_view_2e, minmay_tetromino_s2
D:2:      layout_basic
D:3:      layout_basic, mainiacjoe_overflow_catwalk
D:4:      layout_loops_cross, nrook_mini_backslash, kennysheep_diamond,
          minivault_19
D:5:      layout_basic, lemuel_zombie_altar_kikubaaqudgha,
          lightli_sewer_entry_pipes, chequers_hall_statues_y
D:6:      layout_cave_pools, minmay_temple_entry_grid, uniq_sigmund, uniq_pikel
D:7:      layout_rooms, tso_altar, minmay_overflow_temple_star_quad,
          serial_shops, nicolae_shop_waterfront, nicolae_elemental_shop,
          ebering_dispersal_statue_hall, grunt_decor_mini_mirrors,
          minmay_misc_feat_hallway
D:8:      layout_loops_ring, kennysheep_cluttered_room
D:9:      layout_big_octagon, amcnicky_altar_gilded, erik_lair_dragon,
          kennysheep_just_a_vault, uniq_erolcha, uniq_prince_ribbit1
D:10:     layout_basic, hellmonk_okawaru_the_only_friend_you_need,
          mainiacjoe_overflow_surrounded_room, kb_rosetta, uniq_maurice,
          uniq_urug
Temple:   compressed_dpeg_triangle_lava_temple

Skill      XL: |  1  2  3  4  5  6  7  8  9 10 11 |
---------------+----------------------------------+-----
Axes           | 3 4 5 6 7 9 11 14 | 14.1
Fighting       | 10 12 | 12.0
Throwing       | 4 |  4.9
Armour         | 6 7 |  7.1
Shields        | 6 7 |  7.1

Action                     |  1- 3 |  4- 6 |  7- 9 | 10-12 || total
---------------------------+-------+-------+-------+-------++-------
  Melee: War axe           |    70 |   121 |   262 |   175 ||   628
         Headbutt          |     8 |    12 |    45 |    31 ||    96
  Throw: Boomerang         |       |       |     2 |     3 ||     5
    Use: Scroll            |       |     2 |    14 |     2 ||    18
         Potion            |       |       |       |     1 ||     1
   Stab: Distracted        |       |       |     1 |       ||     1
 Armour: Scale mail        |    30 |    13 |       |       ||    43
         Chain mail        |       |    32 |   135 |    72 ||   239
         Skin              |       |       |       |    80 ||    80
  Dodge: Dodged            |    54 |    66 |   159 |   126 ||   405
  Block: Buckler           |    24 |    25 |    57 |    57 ||   163
